 Dungeon Crawl Stone Soup version 0.18.1-50-g88ac8fd (webtiles) character file.

86 lohpidor the Skirmisher (level 4, -1/37 HPs)
             Began as a Demonspawn Abyssal Knight on Oct 23, 2016.
             Was a Believer of Lugonu.
             Slain by Crazy Yiuf
             ... wielding a +4 quarterstaff of chaos
              (3 damage)
             ... on level 2 of the Dungeon.
             The game lasted 00:03:45 (2049 turns).

lohpidor the Skirmisher (Demonspawn Abyssal Knight) Turns: 2049, Time: 00:03:45

Health: -1/37      AC:  3    Str: 13    XL:     4   Next: 26%
Magic:  6/6        EV: 11    Int: 14    God:    Lugonu [**....]
Gold:   187        SH:  0    Dex: 12    Spells: 0 memorised, 3 levels left

rFire  . . .     SeeInvis .     a - +1 hand axe
rCold  . . .     Gourm    .     b - +0 leather armour
rNeg   . . .     Faith    .     (no shield)
rPois  .         Spirit   .     (no helmet)
rElec  .         Dismiss  .     (no cloak)
rCorr  .         Reflect  .     (no gloves)
SustAt .         Harm     .     (no boots)
MR     .....                    (no amulet)
Stlth  +++.......               (no ring)
                                (no ring)

@: drained, not resistant to hostile enchantments, fairly stealthy
A: talons 1, nightstalker 2
a: Depart the Abyss, Bend Space, Renounce Religion


You were on level 2 of the Dungeon.
You worshipped Lugonu.
Lugonu was pleased with you.
You were not hungry.

You visited 1 branch of the dungeon, and saw 2 of its levels.
You visited the Abyss 1 time.

You collected 187 gold pieces.

Inventory:

Hand Weapons
 a - a +1 hand axe (weapon)
Armour
 b - a +0 leather armour (worn)
Scrolls
 e - a scroll of remove curse {unknown}
 f - 3 scrolls of identify {unknown}
 k - a scroll of blinking {unknown}
 l - a scroll of teleportation {unknown}
Potions
 g - 2 potions of degeneration {unknown}
 i - a potion of resistance {unknown}
 j - a potion of lignification {unknown}
Comestibles
 c - 2 bread rations
 d - a chunk of flesh
 h - 2 beef jerkies


   Skills:
 + Level 3.9(3.2) Fighting
 + Level 2.1(1.4) Axes
 + Level 2.2(1.5) Armour
 + Level 1.9(1.3) Dodging
 - Level 0.2(0.0) Stealth
 + Level 3.0(2.4) Invocations


You had 3 spell levels left.
You didn't know any spells.

Dungeon Overview and Level Annotations

Branches:
Dungeon (2/15)

Altars:

Annotations:
D:2 Crazy Yiuf


Innate Abilities, Weirdness & Mutations

You have sharp toenails.
You are significantly more attuned to the shadows.


Message History

You barely miss Crazy Yiuf. Your kick misses Crazy Yiuf.
Crazy Yiuf says, "Whippet hog head!"
Crazy Yiuf closely misses you.
You barely miss Crazy Yiuf. You claw Crazy Yiuf.
Crazy Yiuf is lightly wounded.
Crazy Yiuf hits you with a quarterstaff of chaos!
You hit Crazy Yiuf.
Crazy Yiuf is moderately wounded.
Crazy Yiuf hits you with a quarterstaff of chaos!
You feel drained.
* * * LOW HITPOINT WARNING * * *
You closely miss Crazy Yiuf.
Crazy Yiuf is moderately wounded.
Crazy Yiuf barely misses you.
You hit Crazy Yiuf but do no damage.
Crazy Yiuf is moderately wounded.
Crazy Yiuf hits you with a quarterstaff of chaos!
* * * LOW HITPOINT WARNING * * *
You feel drained.
You die...

##..##
#....#.#....
♣....♣
#.....###..#
♣♣...♣
####.#.#.#.#
♣♣.♣♣
#.......#
♣♣.♣
#########
♣.♣♣ ♣♣.♣
♣.♣♣ #@#
#.g.# #...#
#)..# #####


You could see Crazy Yiuf.

Vanquished Creatures
  3 adders (D:2)
  2 dart slugs (D:1)
  8 bats
  A giant cockroach (D:1)
  5 goblins
  6 hobgoblins
  12 jackals
  2 kobolds (D:1)
  A ball python (D:1)
  9 rats
49 creatures vanquished.

Notes
Turn   | Place    | Note
--------------------------------------------------------------
     0 | Abyss:1  | lohpidor the Demonspawn Abyssal Knight began the quest for the Orb.
     0 | Abyss:1  | Reached XP level 1. HP: 18/18 MP: 2/2
     0 | D:1      | Escaped the Abyss
   141 | D:1      | Reached skill level 1 in Dodging
   163 | D:1      | Gained mutation: You are slightly more attuned to the shadows. [demonic ancestry]
   163 | D:1      | Reached XP level 2. HP: 19/24 MP: 3/3
   388 | D:1      | Reached * piety under Lugonu
   709 | D:1      | Gained mutation: You have sharp toenails. [demonic ancestry]
   709 | D:1      | Reached XP level 3. HP: 28/29 MP: 4/4
  1653 | D:2      | Reached ** piety under Lugonu
  1653 | D:2      | Gained mutation: You are significantly more attuned to the shadows. [demonic ancestry]
  1653 | D:2      | Reached XP level 4. HP: 34/37 MP: 6/6
  2042 | D:2      | Noticed Crazy Yiuf
  2049 | D:2      | Slain by Crazy Yiuf

Skill      XL: |  1  2  3  4 |
---------------+-------------+-----
Dodging        | 1 |  1.9
Armour         | 2 |  2.2
Axes           | 2 |  2.1
Invocations    | 3 |  3.0
Fighting       | |  3.9
Stealth        | |  0.2

Action                   |  1- 3 |  4- 6 || total
-------------------------+-------+-------++-------
Melee: Hand axe          |   112 |    26 ||   138
       Kick              |    10 |     2 ||    12
Invok: Depart the Abyss  |     1 |       ||     1
 Stab: Sleeping          |     6 |     1 ||     7
  Eat: Chunk             |     3 |     1 ||     4
Armor: Leather armour    |    31 |     6 ||    37
Dodge: Dodged            |    78 |    20 ||    98
